Unix NetHack Version 5.0.0-0 post-release - last build May 31 2026 23:59:36 (970b52f25bf058293b47ddfd14a1e40e571c508c,branch:main).

Game began 2026-06-07 08:22:50, ended 2026-06-07 08:59:37.

DiePARTEI, neutral female human Tourist

  -----         ---------
  |<..---  ------.......--    -------                       ---------------
  |.....---|.........--..|    |.....|          -------      |.............|
  --..|....|.---------|..|    |.._..|          |>....|     --+---.--.----+|
   --.|-.....----     ----    |.....|  ------  --....|---  |..|...|-.|.+..|
    --|.........|---  -----   ---|---  |..+.-------..|..---|...--.-..--|..|
      ----.|....|..----...--    |.|    |..|......---+-.....-|--........--+|
         -----..|....|.....|--- |.| #  |......--@@...@..-......)..........|
      ------ |..|..).[.....|..--....   ---|.+....@.......|..--------+--..--
      |...$| --.)....---...|.......-----  |.|..||...{....|--|.........|..--
      |....|  |........|...|...........---|.|..|--.......|  |*].!/=.[%|...|
      ---+--------....-------...---......-|.|------....--|  ---------------
   ------.---...-|...-|..|..|-...|..---...|.--..|...|....|------ |.......|
   |..|-.........|..--|..|..|--.....|-....|.....|..---...-|((((| |.-------
   |..+.........)..)..-.--.|-----..-|..........-|....|-...-..((| |.|...|.
  -----.....{....----._...........---...*.......|-...|...-|((.(| |.|...|
  |..............-- |-+--.--------|.........--..|........|------ |.--|-------
  |+-----.........| |...|.|.]((|  --.......-----|...|....|--------.....|....|
  |...| --..------- |...|.-$(((|   ---...---    --..|...--......|...{..-..-||
  |...|  ----       ------|.$(!|     -----       -----.....----........|..|(|
  -----                   ------                     -------  ---------------
DiePARTEI the Excursionist  St:25 Dx:12 Co:15 In:11 Wi:9 Ch:14  Neutral
Dlvl:7  $:67 HP:0(49) Pw:26(26) AC:-2 Xp:6 T:2168  Fly

Latest messages:
 Being blind, you cannot read the mystic runes.
 What do you want to read? [prW or ?*] W
 As you pronounce the formula on it, the scroll disappears.
 You materialize in a different location!
 You try to feel what is lying here on the floor.
 You have a little trouble lifting a heavy iron ball (chained to you).  Continue? [ynq] (q) y
 You have a little trouble lifting h - a heavy iron ball (chained to you).
 Your movements are slowed slightly because of your load.
 It misses.
 You can see again.
 The watchman wields a forked polearm!
 This door is locked.
 Unlock it with your credit card named geno:rustmon? [ynq] (q) y
 The watchman thrusts a forked polearm.
 A forked polearm misses you.
 You stop picking the lock.
 In what direction? 7
 Whammm!!
 In what direction? 7
 Whammm!!
 The watchman thrusts a forked polearm.
 A forked polearm misses you.
 The watchman throws a spear!
 The spear slips as the watchman throws it!
 The watchman picks up a dagger.
 The watchman picks up a spear.
 What do you want to throw? [$aNS or ?*] h
 In what direction? 6
 Your movements are now unencumbered.
 The heavy iron ball hits the watchman!
 In what direction? 6
 The dart misses the watchman.
 The watchman thrusts a forked polearm.
 You are hit by a forked polearm!
 The watchman just misses!
 In what direction? 6
 The dart misses the watchman.
 The watchman wields a spear!
 The spear welds itself to the watchman's hand!
 The watchman hits!
 In what direction? 6
 The dart hits the watchman!
 The watchman hits!
 In what direction? 6
 The dart hits the watchman!
 The watchman thrusts her spear.
 The watchman hits!
 You die...
 Do you want your possessions identified? [ynq] (y) y
 Do you want to see your attributes? [ynq] (y) q

Inventory:
 Coins    ('$')
  $ - 67 gold pieces
 Amulets  ('"')
  n - an uncursed amulet of flying (being worn)
 Weapons  (')')
  a - 11 +2 darts (at the ready)
  N - 8 +0 daggers
  S - a +0 elven dagger
 Armor    ('[')
  G - an uncursed +0 cornuthaum
  C - a cursed -2 helm of opposite alignment
  B - an uncursed +0 helmet
  y - a blessed +2 orcish helm (being worn)
  F - an uncursed +0 pair of gauntlets of dexterity
  u - a blessed greased rustproof +2 pair of gauntlets of power (being worn)
  D - an uncursed +0 pair of leather gloves
  O - a blessed +2 pair of iron shoes (being worn)
  H - a cursed +0 pair of water walking boots
  X - an uncursed +0 dwarvish roundshield (being worn)
  E - a cursed -1 cloak of displacement
  z - an uncursed +0 cloak of invisibility
  I - an uncursed +0 elven cloak
  i - an uncursed +0 Hawaiian shirt with a ukulele motif (being worn)
 Comestibles  ('%')
  m - 2 uncursed slime molds
  Y - an uncursed cream pie
  f - 2 uncursed food rations
  c - 3 uncursed fortune cookies
  b - 5 uncursed tripe rations
  d - 2 uncursed eggs
 Spellbooks  ('+')
  r - an uncursed spellbook of fireball
  p - an uncursed spellbook of knock
 Potions  ('!')
  T - 2 uncursed potions of booze
  s - an uncursed potion of extra healing
 Rings    ('=')
  t - a cursed -1 ring of increase damage
 Wands    ('/')
  q - a wand of fire (0:5)
 Tools    ('(')
  v - a bag of tricks (0:18)
  k - an uncursed credit card named geno:rustmon
  j - an expensive camera (0:32)
  l - a blessed oil lamp
  P - a +0 pick-axe
 Gems/Stones  ('*')
  L - an uncursed worthless piece of orange glass
  U - 2 uncursed worthless pieces of white glass
  M - 3 uncursed worthless pieces of yellow glass

DiePARTEI the Tourist's attributes:

Background:
 You were an Excursionist, a level 6 female human Tourist.
 You were neutral, on a mission for The Lady
 who was opposed by Blind Io (lawful) and Offler (chaotic).
 You were right-handed.
 You were in the Gnomish Mines, on level 7.
 You entered the dungeon 2168 turns ago.
 You had 418 experience points, 222 more were needed to attain level 7.

Basics:
 You had 0 out of 49 hit points.
 You had all 26 energy points (spell power).
 Your armor class was -2.
 Your wallet contained 67 zorkmids.
 Autopickup was off.

Final Characteristics:
 Your strength was 25 (base:14, innate limit:18/100).
 Your dexterity was 12 (peak:13, limit:18).
 Your constitution was 15 (limit:18).
 Your intelligence was 11 (limit:18).
 Your wisdom was 9 (limit:18).
 Your charisma was 14 (limit:18).

Final Status:
 You were flying.
 You were chained to a heavy iron ball.
 You weren't hungry.
 You were unencumbered.
 You were empty handed.
 You had basic skill with bare handed combat.

Final Attributes:
 You were devoutly aligned.
 You are dead.

Miscellaneous:
 You didn't encounter any bones levels.
 Total elapsed playing time was 36 minutes and 47 seconds.

Major events:
 Turn
    1: DiePARTEI the neutral female human Tourist entered the dungeon
  570: performed her first genocide (rust monsters)
  654: entered the Gnomish Mines
  811: attained the rank of Sightseer (level 3)
 1107: reached Mine Town
 1810: attained the rank of Excursionist (level 6)
 1939: made her first wish - "blessed greased erodeproof fireproof rustproof +2 gauntlets of power", got "a greased pair of fencing gloves"
 2168: killed by a watchman

Spells:
 Name                 Level Category     Fail Retention
 create monster         2   clerical     100%  76%-100%
 detect monsters        1   divination   100%  76%-100%

Skills:
 Fighting Skills
   bare handed combat [Basic]
   two weapon combat  [Unskilled]
   riding             [Unskilled]
 Weapon Skills
   dagger             [Unskilled]
   knife              [Unskilled]
   axe                [Unskilled]
   pick-axe           [Unskilled]
   short sword        [Unskilled]
   broadsword         [Unskilled]
   long sword         [Unskilled]
   two-handed sword   [Unskilled]
   saber              [Unskilled]
   mace               [Unskilled]
   morning star       [Unskilled]
   flail              [Unskilled]
   hammer             [Unskilled]
   quarterstaff       [Unskilled]
   polearms           [Unskilled]
   spear              [Unskilled]
   trident            [Unskilled]
   lance              [Unskilled]
   bow                [Unskilled]
   sling              [Unskilled]
   crossbow           [Unskilled]
   dart               [Basic]
   shuriken           [Unskilled]
   boomerang          [Unskilled]
   whip               [Unskilled]
   unicorn horn       [Unskilled]
 Spellcasting Skills
   divination spells  [Unskilled]
   enchantment spells [Unskilled]
   escape spells      [Unskilled]

Voluntary challenges:
 Character rerolling was not enabled.
 You genocided 1 type of monster.
 You never polymorphed an object.
 You never changed form.
 You used 1 wish.
 You did not wish for any artifacts.
Achievements:
 You entered a shop.
 You entered the Gnomish Mines.
 You attained the rank of Sightseer.
 You entered Minetown.
 You entered a temple.
 You attained the rank of Excursionist.

 The Dungeons of Doom: levels 1 to 3
    Level 1:
    Level 2:
       An armor shop.
    Level 3:
       A general store.
       Stairs down to The Gnomish Mines.
 The Gnomish Mines: levels 4 to 7
    Level 4:
    Level 5:
    Level 6:
    Level 7: <- You were here.
       Many shops, a temple and an altar, many fountains.
       Final resting place for
          you, killed by a watchman.


Vanquished creatures:
  a housecat
  a dust vortex
  a rope golem
  3 gnome leaders
  a gnomish wizard
 an elf zombie
  a giant ant
  6 dwarves
  2 killer bees
  3 hobbits
  a large kobold
  a green mold
 20 gnomes
  3 jackals
  2 foxes
  a kobold
  a goblin
  2 sewer rats
  6 grid bugs
  2 lichens
  5 newts
64 creatures vanquished.

Genocided species:
 rust monsters
1 species genocided.

Game over:
                       ----------
                      /          \
                     /    REST    \
                    /      IN      \
                   /     PEACE      \
                  /                  \
                  |    DiePARTEI     |
                  |      67 Au       |
                  |   killed by a    |
                  |     watchman     |
                  |                  |
                  |                  |
                  |       2026       |
                 *|     *  *  *      | *
        _________)/\\_//(\/(/\)/\//\/|_)_______

Aloha DiePARTEI the Tourist...

You died in The Gnomish Mines on dungeon level 7 with 2042 points,
and 67 pieces of gold, after 2168 moves.
You were level 6 with a maximum of 49 hit points when you died.

